 Dungeon Crawl Stone Soup version 0.29.1-15-g9cfb28693d (webtiles) character file.

Game seed: 1108856909158868409

79 Ast3rio the Poker (level 4, 0/41 HPs)
             Began as a Gnoll Cinder Acolyte on Mar 23, 2023.
             Was a High Priest of Ignis.
             Slain by jtron's ghost (10 damage)
             ... on level 3 of the Dungeon.
             The game lasted 00:05:12 (2032 turns).

Ast3rio the Poker (Gnoll Cinder Acolyte)            Turns: 2032, Time: 00:05:12

Health: 0/41       AC:  2    Str: 12 (13) XL:     4   Next: 37%
Magic:  1/8        EV: 11    Int: 13 (16) God:    Ignis [*****.]
Gold:   54         SH:  0    Dex:  5 (7)  Spells: 7/9 levels left

rFire   + . .      SeeInvis .   o - +1 sling (flame)
rCold   . . .      Faith    .   (no shield)
rNeg    . . .      Spirit   .   b - +0 robe
rPois   .          Reflect  .   (no helmet)
rElec   .          Harm     .   l - scarf {repulsion}
rCorr   .          Rampage  .   (no gloves)
Will    .....                   (no boots)
Stlth   +.........              (no amulet)
HPRegen 0.13/turn               (no ring)
MPRegen 0.11/turn               (no ring)

@: repel missiles
A: fangs 1, strong nose, distributed training
a: Renounce Religion, Fiery Armour, Foxfire Swarm, Rising Flame


You were on level 3 of the Dungeon.
You worshipped Ignis.
Ignis was extremely pleased with you.
You visited 1 branch of the dungeon, and saw 3 of its levels.

You collected 54 gold pieces.

Inventory:

Hand Weapons
 a - a -1 spear of flaming
 o - a +1 sling of flaming (weapon)
Armour
 b - a +0 robe (worn)
 l - a scarf of repulsion (worn)
Jewellery
 i - an amulet of magic regeneration
 k - the ring of Muph {Str+6 Dex+4 Stlth+}
   (You found it on level 2 of the Dungeon)

   [ring of strength]

   Str:       It affects your strength (+6).
   Dex:       It affects your dexterity (+4).
   Stlth:     It makes you more stealthy.
Scrolls
 c - 2 scrolls of teleportation {unknown}
 g - a scroll of identify {unknown}
 m - a scroll of magic mapping {unknown}
 n - a scroll of blinking {unknown}
 q - a scroll of butterflies {unknown}
 r - a scroll of enchant weapon {unknown}
Potions
 d - a potion of mutation {unknown}
 e - a potion of degeneration
 f - a potion of curing {unknown}
 h - a potion of resistance
 j - a potion of attraction {unknown}
 p - a potion of haste


   Skills:
 + Level 6.6 Fighting
 + Level 1.2 Short Blades
 + Level 1.2 Long Blades
 + Level 1.2 Axes
 + Level 1.2 Maces & Flails
 + Level 6.6 Polearms
 + Level 1.2 Staves
 + Level 1.2 Ranged Weapons
 + Level 1.2 Throwing
 + Level 1.2 Armour
 + Level 1.2 Dodging
 + Level 1.2 Stealth
 + Level 1.2 Shields
 + Level 1.2 Unarmed Combat
 + Level 3.0 Spellcasting
 + Level 1.0 Conjurations
 + Level 1.0 Hexes
 + Level 1.0 Summonings
 + Level 1.0 Necromancy
 + Level 1.0 Translocations
 + Level 1.0 Transmutations
 + Level 5.5 Fire Magic
 + Level 1.0 Ice Magic
 + Level 1.0 Air Magic
 + Level 1.0 Earth Magic
 + Level 1.0 Poison Magic
 + Level 1.3 Invocations
 + Level 1.2 Evocations


You had 7 spell levels left.
You knew the following spells:

 Your Spells              Type           Power      Damage    Failure   Level
a - Scorch                Fire           32%        2d7       3%          2

Your spell library contained the following spells:

 Spells                   Type           Power      Damage    Failure   Level
 Animate Dead             Necr           4%         N/A       83%         4
 Borgnjor's Vile Clutch   Necr/Erth      2%         N/A       99%         5
 Death Channel            Necr           2%         N/A       100%        6


Dungeon Overview and Level Annotations

Branches:
Dungeon (3/15)

Altars:
Elyvilon

Annotations:
D:3 jtron's ghost, amateur GnWn


Innate Abilities, Weirdness & Mutations

You have very sharp teeth.
Your uncanny sense of smell can sniff out nearby items.
Your experience applies equally to all skills.


Message History

You shoot a sling bullet.
The sling bullet hits jtron's ghost but does no damage.
Jtron's ghost is heavily damaged.
The quokka is no longer more vulnerable to fire.
Jtron's ghost says, "Are you sure you're pointing that wand in the right direction?"
Jtron's ghost hits you! The quokka misses you.
Fire: o) +1 sling (flame)
Press: ? - help, Q - select action, (/) - cycle Shift-Dir - straight line, f/p - jtron's ghost
Aim: jtron's ghost (heavily damaged, more vulnerable to fire, 70% to hit)
You shoot a sling bullet.
The sling bullet barely misses jtron's ghost.
The sling bullet hits the river rat but does no damage.
The quokka closely misses you. Jtron's ghost hits you.
The quokka barely misses you.
Jtron's ghost hits you but does no damage.
Fire: o) +1 sling (flame)
Press: ? - help, Q - select action, (/) - cycle Shift-Dir - straight line, f/p - jtron's ghost
Aim: jtron's ghost (heavily damaged, more vulnerable to fire, 70% to hit)
You shoot a sling bullet.
The sling bullet hits jtron's ghost but does no damage.
Jtron's ghost is heavily damaged.
The quokka barely misses you. Jtron's ghost barely misses you.
Unknown command.
Fire: o) +1 sling (flame)
Press: ? - help, Q - select action, (/) - cycle Shift-Dir - straight line, f/p - jtron's ghost
Aim: jtron's ghost (heavily damaged, more vulnerable to fire, 70% to hit)
You shoot a sling bullet.
The sling bullet hits jtron's ghost but does no damage.
Jtron's ghost is heavily damaged.
The quokka barely misses you. Jtron's ghost hits you. The quokka bites you.
* * * LOW HITPOINT WARNING * * *
Fire: o) +1 sling (flame)
Press: ? - help, Q - select action, (/) - cycle Shift-Dir - straight line, f/p - jtron's ghost
Aim: jtron's ghost (heavily damaged, more vulnerable to fire, 70% to hit)
You shoot a sling bullet. The sling bullet hits jtron's ghost.
The sling bullet burns jtron's ghost.
Jtron's ghost is heavily damaged.
Jtron's ghost is no longer more vulnerable to fire.
Jtron's ghost hits you!
You die...

######### ### ~~~~~~#r##
# #.. ~[~~~rW@.# .# #.#
~~~~~~#..# ..# #.#
#######..# .... #.# #.##
##..... ##.#
###.#####....... ...##
####.........#
##..#######....#########
###..##....†####
..##....#####


You could see jtron's ghost, a river rat and a quokka.

Vanquished Creatures
  2 adders (D:3)
  A dart slug (D:1)
  3 orcs (D:3)
  A bat (D:1)
  An endoplasm (D:1)
  A giant cockroach (D:2)
  13 goblins
  8 hobgoblins
  3 jackals (D:2)
  2 quokkas
  5 ball pythons
  A frilled lizard (D:2)
  5 kobolds
  2 rats
48 creatures vanquished.

Notes
Turn   | Place    | Note
-------+----------+-------------------------------------------
     0 | D:1      | Ast3rio the Gnoll Cinder Acolyte began the quest for the
                  | Orb.
     0 | D:1      | Reached XP level 1. HP: 23/23 MP: 4/4
   117 | D:1      | Reached XP level 2. HP: 29/29 MP: 5/5
   126 | D:1      | Learned a level 2 spell: Scorch
   605 | D:1      | Found a faded altar of an unknown god.
   714 | D:2      | Identified the ring of Muph {Str+6 Dex+4 Stlth+}
   736 | D:2      | Reached XP level 3. HP: 33/35 MP: 7/7
  1179 | D:2      | Reached skill level 1 in Invocations
  1507 | D:2      | Found a white marble altar of Elyvilon.
  1613 | D:3      | Reached skill level 1 in Short Blades
  1613 | D:3      | Reached skill level 1 in Long Blades
  1613 | D:3      | Reached skill level 1 in Axes
  1613 | D:3      | Reached skill level 1 in Maces & Flails
  1613 | D:3      | Reached skill level 1 in Staves
  1613 | D:3      | Reached skill level 1 in Ranged Weapons
  1613 | D:3      | Reached skill level 1 in Throwing
  1613 | D:3      | Reached skill level 1 in Armour
  1613 | D:3      | Reached skill level 1 in Dodging
  1613 | D:3      | Reached skill level 1 in Stealth
  1613 | D:3      | Reached skill level 1 in Shields
  1613 | D:3      | Reached skill level 1 in Unarmed Combat
  1613 | D:3      | Reached skill level 1 in Evocations
  1623 | D:3      | Reached XP level 4. HP: 23/41 MP: 2/8
  2000 | D:3      | Found a runed translucent door.
  2003 | D:3      | Noticed jtron's ghost (amateur GnWn)
  2023 | D:3      | Reached skill level 1 in Conjurations
  2023 | D:3      | Reached skill level 1 in Hexes
  2023 | D:3      | Reached skill level 1 in Summonings
  2023 | D:3      | Reached skill level 1 in Necromancy
  2023 | D:3      | Reached skill level 1 in Translocations
  2023 | D:3      | Reached skill level 1 in Transmutations
  2023 | D:3      | Reached skill level 1 in Ice Magic
  2023 | D:3      | Reached skill level 1 in Air Magic
  2023 | D:3      | Reached skill level 1 in Earth Magic
  2023 | D:3      | Reached skill level 1 in Poison Magic
  2032 | D:3      | Slain by jtron's ghost

Illustrated notes

Levels and vault maps discovered:
D:1:      spicycebolla_arrival_xxxplode, layout_rooms,
          ebering_ecumenical_altar_ruins, grunt_decor_fettered,
          hangedman_decor_lopped
D:2:      layout_loops_ring, basic_altar
D:3:      layout_rooms, mainiacjoe_overflow_surrounded_room,
          mainiacjoe_overflow_brackets, grunt_gozag_statues,
          ebering_ghost_sewer_f

Skill      XL: |  1  2  3  4 |
---------------+-------------+-----
Invocations    | 1 |  1.3
Short Blades   | 1 |  1.2
Long Blades    | 1 |  1.2
Axes           | 1 |  1.2
Maces & Flails | 1 |  1.2
Staves         | 1 |  1.2
Ranged Weapons | 1 |  1.2
Throwing       | 1 |  1.2
Armour         | 1 |  1.2
Dodging        | 1 |  1.2
Stealth        | 1 |  1.2
Shields        | 1 |  1.2
Unarmed Combat | 1 |  1.2
Evocations     | 1 |  1.2
Spellcasting   | 3 |  3.0
Conjurations   | 1 |  1.0
Hexes          | 1 |  1.0
Summonings     | 1 |  1.0
Necromancy     | 1 |  1.0
Translocations | 1 |  1.0
Transmutations | 1 |  1.0
Ice Magic      | 1 |  1.0
Air Magic      | 1 |  1.0
Earth Magic    | 1 |  1.0
Poison Magic   | 1 |  1.0
Fighting       | |  6.6
Polearms       | |  6.6
Fire Magic     | |  5.5

Action                   |  1- 3 |  4- 6 || total
-------------------------+-------+-------++-------
Melee: Spear             |    42 |       ||    42
       Bite              |     4 |       ||     4
 Fire: Sling             |    22 |    24 ||    46
 Cast: Scorch            |    23 |    11 ||    34
  Use: Potion            |     3 |       ||     3
Armor: Robe              |     6 |     1 ||     7
Dodge: Dodged            |    25 |    21 ||    46
